 Dungeon Crawl Stone Soup version 0.32-a0-30-gefbe487952 (webtiles) character file.

Game seed: 2021380683960727827

67 Malachi the Firebug (level 3, -1/26 HPs)
             Began as a Demigod Fire Elementalist on Jan 19, 2024.
             Slain by a gnoll
             ... wielding a +0 spear
              (2 damage)
             ... on level 2 of the Dungeon.
             The game lasted 00:02:19 (1591 turns).

Malachi the Firebug (Demigod Fire Elementalist)     Turns: 1591, Time: 00:02:20

Health: -1/26      AC:  2    Str:  9    XL:     3   Next: 72%
Magic:  2/9        EV: 12    Int: 21    God:
Gold:   87         SH:  0    Dex: 14    Spells: 5/6 levels left

rFire   . . .        (no weapon)
rCold   . . .        (no shield)
rNeg    . . .        a - +0 robe
rPois   .            (no helmet)
rElec   .            (no cloak)
rCorr   .            (no gloves)
SInv    .            (no boots)
Will    .....        (no amulet)
Stlth   ++           (no ring)
HPRegen 0.24/turn    (no ring)
MPRegen 0.11/turn

%: no passive effects
@: no status effects
A: high MP 1, forlorn, divine attributes
a: no special abilities


You were on level 2 of the Dungeon.
You visited 1 branch of the dungeon, and saw 2 of its levels.

You collected 87 gold pieces.

Inventory:

Missiles
 i - 2 poisoned darts
Armour
 a - a +0 robe (worn)
Jewellery
 l - a ring of willpower
Scrolls
 f - 2 scrolls of noise {unknown}
 g - 2 scrolls of enchant armour {unknown}
 h - a scroll of enchant weapon {unknown}
 j - a scroll of identify {unknown}
 k - a scroll of torment {unknown}
 m - a scroll of fog {unknown}
 n - a scroll of fear {unknown}
Potions
 b - a potion of magic
 c - a potion of curing {unknown}
 d - a potion of brilliance {unknown}
 e - 2 potions of invisibility {unknown}


   Skills:
 - Level 2.0 Dodging
 - Level 2.0 Stealth
 + Level 2.4 Spellcasting
 + Level 1.9 Conjurations
 + Level 3.2 Fire Magic


You had 5 spell levels left.
You knew the following spells:

 Your Spells              Type           Power      Damage    Failure   Level
a - Foxfire               Conj/Fire      52%        2x1d6     4%          1

Your spell library contained the following spells:

 Spells                   Type           Power      Damage    Failure   Level
 Scorch                   Fire           32%        2d6       5%          2
 Mercury Vapours          Alch/Air       4%         N/A       22%         2
 Inner Flame              Hex/Fire       9%         N/A       22%         3
 Volatile Blastmotes      Fire/Tloc      18%        2d11      22%         3
 Mephitic Cloud           Conj/Alch/Air  5%         N/A       32%         3
 Flame Wave               Conj/Fire      13%        2d6       43%         4
 Freezing Cloud           Conj/Ice/Air   2%         6-21      96%         5


Dungeon Overview and Level Annotations

Branches:
Dungeon (2/15)

Annotations:
D:1 2 transporters


Innate Abilities, Weirdness & Mutations

You have an increased reservoir of magic. (+10% MP)
You shall have no god before yourself.
Your divine heritage dramatically boosts your attributes as you level up.


Message History

Unknown command.
Casting: Foxfire (safe; 4% risk of failure)
Press: ? - help, Q - select action, (/) - cycle Dir - look around, f - activate You conjure some foxfire!
The foxfire hits the gnoll.
The gnoll is lightly wounded.
The foxfire hits the gnoll.
The gnoll is moderately wounded.
The gnoll closely misses you.
The foxfire hits the gnoll but does no damage.
Unknown command.
Casting: Foxfire (safe; 4% risk of failure)
Press: ? - help, Q - select action, (/) - cycle Dir - look around, f - activate You conjure some foxfire!
The foxfire hits the gnoll.
The gnoll is heavily wounded.
The gnoll barely misses you.
Your foxfire dissipates!
The foxfire hits the gnoll.
The gnoll is almost dead.
The gnoll attacks as it pursues you! The gnoll closely misses you.
The gnoll attacks as it pursues you!
The gnoll hits you from afar with a +0 spear!
* * * LOW HITPOINT WARNING * * *
The gnoll attacks as it pursues you! The gnoll closely misses you.
Casting: Foxfire (safe; 4% risk of failure)
Press: ? - help, Q - select action, (/) - cycle Dir - look around, f - activate You conjure some foxfire!
The gnoll hits you from afar with a +0 spear.
* * * LOW HITPOINT WARNING * * *
Casting: Foxfire (safe; 4% risk of failure)
Press: ? - help, Q - select action, (/) - cycle Dir - look around, f - activate You conjure some foxfire!
The foxfire hits the gnoll but does no damage.
The gnoll is almost dead.
The foxfire hits the gnoll.
You kill the gnoll!
The gnoll barely misses you.
The gnoll hits you from afar with a +0 spear.
You die...

...........#................
.## ##.8.....8.#.............#.
...........##....#........ >
####....#.###....#...###.. ..
#......# #....#...#.... ...
######....###....#...#.## ....
............+...........+ g....
#######.....#...)...##.##...###
...............@.g)...........
...........#..vvg..##.#####...
...........#.......#....
.......#...#.....###......
.......#...#.....# #........
#####.##...##....# #........ #.
######....# #........ .. #....#
#..#.###. #....#


You could see 2 gnolls.

Vanquished Creatures
  2 gnolls (D:2)
  An adder (D:2)
  3 dart slugs
  A bat (D:1)
  8 endoplasms
  A giant cockroach (D:1)
  5 goblins (D:1)
  2 hobgoblins (D:1)
  3 jackals (D:1)
  2 quokkas (D:1)
  2 ball pythons (D:1)
  2 frilled lizards (D:1)
  5 kobolds
  A rat (D:2)
38 creatures vanquished.

Vanquished Creatures (others)
  180 foxfires
180 creatures vanquished.

Grand Total: 218 creatures vanquished

Notes
Turn   | Place    | Note
-------+----------+-------------------------------------------
     0 | D:1      | Malachi the Demigod Fire Elementalist began the quest for
                  | the Orb.
     0 | D:1      | Reached XP level 1. HP: 14/14 MP: 5/5
    15 | D:1      | Reached skill level 1 in Conjurations
   190 | D:1      | Reached XP level 2. HP: 15/20 MP: 0/7
   459 | D:1      | Reached skill level 3 in Fire Magic
   765 | D:1      | Reached XP level 3. HP: 24/26 MP: 3/8
  1590 | D:2      | HP: 1/26 [gnoll/+0 spear (4)]
  1591 | D:2      | Slain by a gnoll

Illustrated notes

Levels and vault maps discovered:
D:1:      spicycebolla_arrival_transporter_tutorial, layout_rooms,
          minmay_split_cup_small
D:2:      layout_basic, basic_altar, st_stairs_1, nicolae_half_adder,
          uniq_jessica

Skill      XL: |  1  2 |
---------------+-------+-----
Conjurations   | 1 |  1.9
Stealth        | 2 |  2.0
Dodging        | 2 |  2.0
Spellcasting   | 2 |  2.4
Fire Magic     | 3 |  3.2

Action                     || total
---------------------------++-------
  Melee: Unarmed           ||     3
   Cast: Foxfire           ||   100
 Armour: Robe              ||    27
  Dodge: Dodged            ||    29

Table legend: (Time is in decaauts)
 A = Elapsed time spent in this place.
 B = Non-inter-level travel time spent in this place.
 C = Inter-level travel time spent in this place.
 D = Time resting spent in this place.
 E = Time spent auto-exploring this place.
 F = Levels seen in this place.
 G = Mean time per level.
                   A        B        C        D        E       F      G
               +--------+--------+--------+--------+--------+-----+--------+
         Total |   1590 |   1582 |      8 |    221 |    978 |   2 |  795.0 |
       Dungeon |   1590 |   1582 |      8 |    221 |    978 |   2 |  795.0 |
               +--------+--------+--------+--------+--------+-----+--------+

Top non-repeatable levels by time:
     D:1: 1114 daAuts
     D:2: 476 daAuts
